 Dungeon Crawl Stone Soup version 0.28-a0-1567-g1695149f81 (webtiles) character file.

Game seed: 3382332665674556743

1 southernslant the Vexing (level 1, 0/9 HPs)
             Began as a Spriggan Arcane Marksman on Jan 20, 2022.
             Constricted to death by a ball python (1 damage)
             ... on level 2 of the Dungeon.
             The game lasted 00:01:19 (176 turns).

southernslant the Vexing (Spriggan Arcane Marksman)  Turns: 176, Time: 00:01:20

Health: 0/9        AC:  2    Str:  6    XL:     1   Next: 16%
Magic:  3/3        EV: 14    Int: 14    God:
Gold:   0          SH:  0    Dex: 15    Spells: 1/2 levels left

rFire   . . .      SeeInvis +   a - +0 hunting sling
rCold   . . .      Faith    .   (no shield)
rNeg    . . .      Spirit   .   d - +0 robe
rPois   .          Reflect  .   (helmet restricted)
rElec   .          Harm     .   (no cloak)
rCorr   .          Rampage  .   (gloves unavailable)
Will    .....                   (boots unavailable)
Stlth   +.........              (no amulet)
HPRegen 0.03/turn               (no ring)
MPRegen 0.08/turn               (no ring)

@: mighty, constricted, very quick
A: very small, no large weapons, unfitting armour, see invisible, speed 3
a: no special abilities


You were on level 2 of the Dungeon.
You visited 1 branch of the dungeon, and saw 2 of its levels.

Inventory:

Hand Weapons
 a - a +0 hunting sling (weapon)
Missiles
 c - 13 sling bullets (quivered ammo)
Armour
 d - a +0 robe (worn)


   Skills:
 * Level 0.7 Fighting
 * Level 2.4 Slings
 * Level 2.7 Dodging
 * Level 1.4 Spellcasting
 + Level 3.6 Hexes


You had one spell level left.
You knew the following spells:

 Your Spells              Type           Power      Damage    Failure   Level
a - Slow                  Hex            44%        N/A       5%          1

Your spell library contained the following spells:

 Spells                   Type           Power      Damage    Failure   Level
 Inner Flame              Hex/Fire       6%         N/A       34%         3
 Portal Projectile        Hex/Tloc       12%        N/A       34%         3
 Cause Fear               Hex            5%         N/A       50%         4
 Stone Arrow              Conj/Erth      0%         3d7       58%         3
 Animate Armour           Summ/Erth      0%         N/A       94%         4
 Lehudib's Crystal Spear  Conj/Erth      0%         10d2      100%        8


Dungeon Overview and Level Annotations

Branches:
Dungeon (1/15)

Altars:
Qazlal

Annotations:
D:2 Natasha, Robin, Terence


Innate Abilities, Weirdness & Mutations

You are very small and have problems with some larger weapons.
You are too small for most types of armour.
You have supernaturally acute eyesight. (SInv)
You cover ground extremely quickly. (Speed+++)


Message History

The hobgoblin is severely wounded.
The hobgoblin hits you.
A giant cockroach comes into view.
The hobgoblin hits you but does no damage.
You shoot a sling bullet.
The sling bullet hits the hobgoblin but does no damage.
The hobgoblin is severely wounded.
The ball python bites you but does no damage.
The ball python misses you. The hobgoblin hits you.
* * * LOW HITPOINT WARNING * * *
You are too injured to fight recklessly!
You are too injured to fight recklessly!
It was a potion of might.
You feel very mighty all of a sudden. The ball python misses you.
The ball python grabs you. The ball python constricts you.
The hobgoblin completely misses you.
Really attack while wielding your +0 hunting sling? [Y]es or [N]o only, please.
Really attack while wielding your +0 hunting sling? [Y]es or [N]o only, please.
Really attack while wielding your +0 hunting sling?
You closely miss the hobgoblin.
The hobgoblin is severely wounded.
The ball python misses you. The ball python constricts you.
The ball python closely misses you. The ball python constricts you.
* * * LOW HITPOINT WARNING * * *
The hobgoblin barely misses you.
Fire: 14 sling bullets
Press: ? - help, Q - select action, (/) - cycle Shift-Dir - straight line, f/p - hobgoblin
Aim: a hobgoblin (severely wounded, 59% to hit)
You shoot a sling bullet.
The sling bullet barely misses the hobgoblin.
The sling bullet closely misses the bat.
The sling bullet closely misses the giant cockroach.
The ball python barely misses you. The ball python constricts you.
The hobgoblin barely misses you.
The giant cockroach waves its antennae.
The ball python bites you but does no damage.
The ball python constricts you.
You die... #.. #.# ..#### ...#. #B.. #gh

... #S# ...# #@# #..#
#g######..#######
#bS...B.........#
###BJ.............#
#.................#
#.................#
#.._..............+
.....(..............##
..................#....


You could see Natasha, an endoplasm, 2 giant cockroaches, a hobgoblin, a goblin,
a bat and 2 ball pythons.

Vanquished Creatures
  An endoplasm (D:2)
1 creature vanquished.

Notes
Turn   | Place    | Note
-------+----------+-------------------------------------------
     0 | D:1      | southernslant the Spriggan Arcane Marksman began the quest
                  | for the Orb.
     0 | D:1      | Reached XP level 1. HP: 9/9 MP: 3/3
    66 | D:1      | You fall into a shaft and drop 1 floor!
    66 | D:2      | Noticed Robin
    78 | D:2      | Noticed Terence
   156 | D:2      | Found a stormy altar of Qazlal.
   169 | D:2      | Noticed Natasha
   176 | D:2      | Constricted to death by a ball python

Illustrated notes

Levels and vault maps discovered:
D:1:      psy_arrival_fountain, layout_basic, st_stairs_10
D:2:      layout_basic, basic_altar, minmay_worlds_worst_comb, uniq_robin,
          uniq_crazy_yiuf_cottage, uniq_terence, uniq_natasha

Action                   || total
-------------------------++-------
Melee: Hunting sling     ||     1
 Fire: Hunting sling     ||     9
  Use: Potion            ||     1
Armor: Robe              ||     6
Dodge: Dodged            ||    19

Table legend: (Time is in decaauts)
 A = Elapsed time spent in this place.
 B = Non-inter-level travel time spent in this place.
 C = Inter-level travel time spent in this place.
 D = Time resting spent in this place.
 E = Time spent auto-exploring this place.
 F = Levels seen in this place.
 G = Mean time per level.
                   A        B        C        D        E       F      G
               +--------+--------+--------+--------+--------+-----+--------+
         Total |    113 |     99 |     14 |      0 |     23 |   2 |   56.5 |
       Dungeon |    113 |     99 |     14 |      0 |     23 |   2 |   56.5 |
               +--------+--------+--------+--------+--------+-----+--------+

Top non-repeatable levels by time:
     D:2: 72 daAuts
     D:1: 40 daAuts
